 Dungeon Sprint DCSS version 0.31-a0-532-g28f74ba3e5 (webtiles) character file.

Game seed: 16882756807595713289

1010 dialectric the Imperceptible (level 8, -17/42 HPs)
             Began as a Spriggan Brigand on Aug 12, 2023.
             Was a Follower of Jiyva.
             Demolished by a yaktaur captain (26 damage)
             ... in the Dungeon (Sprint II: "The Violet Keep of Menkaure").
             The game lasted 00:03:28 (269 turns).

dialectric the Imperceptible (Spriggan Brigand)      Turns: 269, Time: 00:03:28

Health: -17/42     AC:  3    Str:  7    XL:     8   Next: 1%
Magic:  9/9        EV: 20    Int: 13    God:    Jiyva [*.....]
Gold:   408        SH:  0    Dex: 24    Spells: 7/7 levels left

rFire   . . .        a - +2 dagger
rCold   . . .        (no shield)
rNeg    . . .        b - +0 robe
rPois   .            (helmet restricted)
rElec   .            c - +0 cloak
rCorr   .            (gloves unavailable)
SInv    +            (boots unavailable)
Will    +....        (no amulet)
Stlth   +++++++++    f - +6 ring of dexterity
HPRegen 1.07/turn    (no ring)
MPRegen 0.36/turn

%: no teleportation
@: very quick
A: very small, no large weapons, unfitting armour, see invisible, speed 3
a: Renounce Religion


You were in the Dungeon.
You worshipped Jiyva.
Jiyva was aware of your devotion.
You visited 1 branch You collected 486 gold pieces.
You spent 78 gold pieces at shops.

Inventory:

Hand Weapons
 a - a +2 dagger (weapon)
Missiles
 d - 7 poisoned darts (quivered)
Armour
 b - a +0 robe (worn)
 c - a +0 cloak (worn)
Jewellery
 f - a +6 ring of dexterity (left hand)
Scrolls
 k - a scroll of blinking
Potions
 h - a potion of haste
 i - 2 potions of magic
 j - a potion of curing


   Skills:
 + Level 4.5 Fighting
 + Level 6.4 Short Blades
 - Level 2.2 Throwing
 + Level 4.3 Dodging
 + Level 23.0 Stealth


You had 7 spell levels left.
You didn't know any spells.
Your spell library was empty.

Dungeon Overview and Level Annotations

Branches:
Dungeon (1/1)

Altars:
Cheibriados
Dithmenos
Elyvilon
Fedhas
Gozag
Hepliaklqana
Kikubaaqudgha
Makhleb
Nemelex Xobeh
Okawaru
Qazlal
Ru
Sif Muna
Trog
Uskayaw
Vehumet
Wu Jian
Xom
Yredelemnul
Zin
The Shining One
Jiyva
Lugonu

Shops:
D =[:([=!(:=?(!=?

Annotations:
D exclusions: ice statue and oklob plant


Innate Abilities, Weirdness & Mutations

You are very small and have problems with some larger weapons.
You are too small for most types of armour.
You have supernaturally acute eyesight. (SInv)
You cover ground extremely quickly. (Speed+++)


Message History

Unknown command.
Unknown command.
You hit the yaktaur captain but do no damage.
The yaktaur captain is heavily wounded.
The yaktaur captain completely misses you.
You hit the yaktaur captain.
The yaktaur captain is heavily wounded.
The ice beast closely misses you.
You hit the yaktaur captain.
The yaktaur captain is severely wounded.
The ice beast closely misses you. The yaktaur captain hits you!!
Ouch! That really hurt!
* * * LOW HITPOINT WARNING * * *
You hit the yaktaur captain.
The yaktaur captain is severely wounded.
Throw: 9 darts (poison)
Press: ? - help, Q - select action Shift-Dir - straight line, f/p - yaktaur captain
Aim: a yaktaur captain (severely wounded, very poisoned, slow, 81% to hit)
You throw a poisoned dart.
The poisoned dart hits the yaktaur captain.
The yaktaur captain looks as sick as possible!
The yaktaur captain is severely wounded.
The ice beast closely misses you. The yaktaur captain barely misses you.
Unknown command.
Unknown command.
Throw: 8 darts (poison)
Press: ? - help, Q - select action Shift-Dir - straight line, f/p - yaktaur captain
Aim: a yaktaur captain (severely wounded, extremely poisoned, slow, 81% to hit)
You throw a poisoned dart.
The poisoned dart hits the yaktaur captain.
The yaktaur captain looks as sick as possible!
The yaktaur captain is severely wounded.
The ice beast barely misses you.
You hear a distant slurping noise.
Unknown command.
You hit the yaktaur captain.
The yaktaur captain is severely wounded.
The yaktaur captain hits you!!
Ouch! That really hurt!
You die...

####Bz#''°#''°## ###~~~..° ○...#
..#~~~~S## ##..# ..#~~~~##c
.##.#### +.### )▓?(! ..#~~~~#.B
..#.Y..# ...# ##▓(!$ ..#~~### .#Y
###..## #..# c#▓([!
∩.#~##.###'###.##..# +..# y#▓)??
.∩#~#.).##.##...#Y.# #..# h#▓!?[
∩.'~'.#.'.<.†.##@..####..##.#▓$!)
.∩#~#...##.####c#....###...##▓▓▓▓
###~##.###'# #.##.....§~~~~~~~~~~
###~~####.## ###~~..§..~#'#######
##~~~#.## #~~~§~~~.§§#_._.....
#'#~##.$.##~~~§§~~~.~#._._....
#.#~~##+##~~§§≈§§~~~~#_._._...
### ~~~ ~~~~~~≈≈≈§~~~#._._._..
+++#+++#~§§§§§≈≈~#_._._._.


You could see a yaktaur captain (extremely poisoned, slow) and an ice beast
(summoned).

Vanquished Creatures
  A boulder beetle (D)
  A merfolk siren (D)
  2 neqoxecs (D)
  Menkaure (D)
  2 water moccasins (D)
  A hell rat (D)
  3 worms (D)
11 creatures vanquished.

Vanquished Creatures (others)
  Kirke (D)
  2 slime creatures (D)
  A hog (D)
  4 tentacles (D)
8 creatures vanquished.

Grand Total: 19 creatures vanquished

Notes
Turn   | Place    | Note
-------+----------+-------------------------------------------
     0 | D        | dialectric the Spriggan Brigand began the quest for the
                  | Orb.
     0 | D        | Reached XP level 1. HP: 10/10 MP: 2/2
     8 | D        | Reached skill level 7 in Stealth
    21 | D        | Noticed a water moccasin
    24 | D        | Noticed Menkaure
    25 | D        | Reached skill level 8 in Stealth
    25 | D        | Reached XP level 2. HP: 15/15 MP: 3/3
    32 | D        | Noticed a boulder beetle
    32 | D        | Noticed a boulder beetle
    35 | D        | Noticed a merfolk siren
    41 | D        | Killed a merfolk siren
    42 | D        | Reached skill level 5 in Short Blades
    42 | D        | Reached skill level 18 in Stealth
    42 | D        | Reached XP level 3. HP: 21/21 MP: 4/4
    42 | D        | Reached XP level 4. HP: 25/25 MP: 5/5
    42 | D        | Reached XP level 5. HP: 29/29 MP: 6/6
    42 | D        | Reached XP level 6. HP: 33/33 MP: 7/7
    51 | D        | Noticed a neqoxec
    54 | D        | Killed a neqoxec
    55 | D        | Reached skill level 19 in Stealth
    55 | D        | Noticed a neqoxec
    56 | D        | Killed a neqoxec
    57 | D        | Reached skill level 20 in Stealth
    57 | D        | Reached XP level 7. HP: 37/37 MP: 8/8
    78 | D        | Killed Menkaure
    79 | D        | Reached skill level 21 in Stealth
    81 | D        | Found an iron altar of Okawaru.
    81 | D        | Found a radiant altar of Vehumet.
    81 | D        | Found a glowing silver altar of Zin.
    82 | D        | Found a sparkling altar of Nemelex Xobeh.
    82 | D        | Found a hide-covered altar of Uskayaw.
    82 | D        | Found a basalt altar of Yredelemnul.
    83 | D        | Found an opulent altar of Gozag.
    83 | D        | Found a burning altar of Makhleb.
    83 | D        | Found a bloodstained altar of Trog.
    84 | D        | Found a blossoming altar of Fedhas.
    84 | D        | Found a corrupted altar of Lugonu.
    84 | D        | Found a shimmering blue altar of Sif Muna.
    85 | D        | Found a white marble altar of Elyvilon.
    85 | D        | Found an ancient bone altar of Kikubaaqudgha.
    86 | D        | Found a shadowy altar of Dithmenos.
    86 | D        | Found a viscous altar of Jiyva.
    87 | D        | Found a snail-covered altar of Cheibriados.
    89 | D        | Found a shimmering altar of Xom.
    89 | D        | Found a sacrificial altar of Ru.
    89 | D        | Found a hazy altar of Hepliaklqana.
    90 | D        | Found a glowing golden altar of the Shining One.
    90 | D        | Found an ornate altar of the Wu Jian Council.
    90 | D        | Found a stormy altar of Qazlal.
   104 | D        | Reached skill level 22 in Stealth
   113 | D        | Became a worshipper of Jiyva Jeeck the Shapeless
   127 | D        | Noticed a kraken
   128 | D        | Killed Kirke
   130 | D        | Killed a slime creature
   131 | D        | Killed a hog
   135 | D        | Killed a slime creature
   136 | D        | Noticed a yaktaur
   136 | D        | Noticed a hornet
   136 | D        | Noticed a polar bear
   160 | D        | Found Michis's Magic Scroll Shop.
   161 | D        | Found Adwull's Jewellery Boutique.
   161 | D        | Found Norryt's Magic Scroll Shop.
   161 | D        | Found Vyfikeg's Antique Weapon Shop.
   161 | D        | Found Gasifaig's Book Boutique.
   161 | D        | Found Salisyme's Jewellery Boutique.
   161 | D        | Found Fegiham's Distillery.
   161 | D        | Found Cexam's Antique Weapon Shop.
   162 | D        | Found Pugit's Jewellery Shop.
   162 | D        | Found Kokeuneu's Antique Armour Boutique.
   162 | D        | Noticed an iron elemental
   163 | D        | Found Zegiew's Distillery.
   178 | D        | Found Miugh's Weapon Boutique.
   178 | D        | Reached * piety under Jiyva
   178 | D        | Noticed an oklob plant
   179 | D        | Found Pamurgho's Antique Armour Shop.
   179 | D        | Found Kapitomp's Jewellery Boutique.
   179 | D        | Found Ziocaups's Book Shoppe.
   179 | D        | Noticed a manticore
   181 | D        | Noticed a manticore
   182 | D        | Bought 2 potions of curing for 78 gold pieces
   182 | D        | Noticed a manticore
   187 | D        | Noticed a skeletal warrior
   190 | D        | Noticed a centaur warrior
   204 | D        | Noticed an elephant
   216 | D        | Noticed an ice statue
   221 | D        | Noticed a yaktaur captain
   254 | D        | Killed a boulder beetle
   255 | D        | Reached skill level 23 in Stealth
   255 | D        | Reached XP level 8. HP: 28/42 MP: 9/9
   259 | D        | HP: 1/42 [yaktaur captain (11)]
   269 | D        | Demolished by a yaktaur captain

Illustrated notes

Levels and vault maps discovered:
D:        the_violet_keep_of_menkaure [sprint2_stairs_cluster_1,
          sprint2_shoproom, sprint2_temple, sprint2_basic_supplies,
          sprint2_obstacle_3, sprint2_obstacle_6, sprint2_obstacle_2,
          sprint2_obstacle_4, sprint2_obstacle_1, sprint2_timed_cluster_1,
          sprint2_smallroom_cluster_1, sprint2_smallroom_final_cluster_1,
          sprint2_transparent_cluster_1, sprint2_second_timed_cluster_1,
          sprint2_sniper_area_1, sprint2_heavy_combat_area_1,
          sprint2_mutation_trap_area_1, sprint2_forest_area_1,
          sprint2_light_combat_area_1, sprint2_behind_water_1,
          sprint2_near_end_vault_1]

Skill      XL: |  1  2  3  4  5  6  7 |
---------------+----------------------+-----
Stealth        | 8 18 20 23 | 23.0
Fighting       | 3 4 |  4.5
Short Blades   | 5 6 |  6.4
Dodging        | 3 4 |  4.3
Throwing       | |  2.2

Action                     |  1- 3 |  4- 6 |  7- 9 || total
---------------------------+-------+-------+-------++-------
  Melee: Dagger            |     4 |     2 |    28 ||    34
         Punch             |       |       |     1 ||     1
  Throw: Dart              |     7 |       |     5 ||    12
    Use: Potion            |       |       |     4 ||     4
   Stab: Sleeping          |     2 |     2 |     1 ||     5
         Distracted        |       |       |     1 ||     1
 Armour: Robe              |       |       |     2 ||     2
  Dodge: Dodged            |       |       |    16 ||    16

Table legend: (Time is in decaauts)
 A = Elapsed time spent in this place.
 B = Non-inter-level travel time spent in this place.
 C = Inter-level travel time spent in this place.
 D = Time resting spent in this place.
 E = Time spent auto-exploring this place.
 F = Levels seen in this place.
 G = Mean time per level.
                   A        B        C        D        E       F      G
               +--------+--------+--------+--------+--------+-----+--------+
         Total |    220 |    220 |      0 |      0 |      4 |   1 |  220.0 |
       Dungeon |    220 |    220 |      0 |      0 |      4 |   1 |  220.0 |
               +--------+--------+--------+--------+--------+-----+--------+

Top non-repeatable levels by time:
       D: 220 daAuts
